 Dungeon Crawl Stone Soup version 0.27.1-1-g398f81649c (console) character file.

Game seed: 664512655701895960

166 thromnambular the Sneak (level 5, -2/33 HPs)
             Began as an Octopode Enchanter on Sept 6, 2021.
             Was a Follower of Sif Muna.
             Killed from afar by an orc wizard (8 damage)
             ... with a magic dart
             ... on level 3 of the Dungeon.
             The game lasted 00:07:16 (3031 turns).

thromnambular the Sneak (Octopode Enchanter)        Turns: 3031, Time: 00:07:16

Health: -2/33      AC:  1    Str:  7    XL:     5   Next: 47%
Magic:  8/8        EV: 17    Int: 18    God:    Sif Muna [*.....]
Gold:   62         SH:  0    Dex: 13    Spells: 5/8 levels left

rFire    . . .     SeeInvis .   a - +1 dagger
rCold    . . .     Faith    .   (no shield)
rNeg     . . .     Spirit   .   (helmet restricted)
rPois    .         Reflect  .   (no amulet)
rElec    .         Harm     .   f - +4 ring of evasion
rCorr    .         Rampage  .   (no ring)
Will     .....                  (no ring)
Stlth    ++........             (no ring)
HPRegen  0.11/turn              (no ring)
MPRegen  0.11/turn              (no ring)
                                (no ring)
                                (no ring)

@: confused
A: almost no armour, amphibious, 8 rings, camouflage 1, gelatinous body 1,
(nimble swimmer 1), tentacles
a: Renounce Religion, Channel Magic


You were on level 3 of the Dungeon.
You worshipped Sif Muna.
Sif Muna was aware of your devotion.
You visited 1 branch of the dungeon, and saw 3 of its levels.

You collected 62 gold pieces.

Inventory:

Hand Weapons
 a - a +1 dagger (weapon)
Missiles
 c - 36 poisoned darts (quivered)
Jewellery
 f - a +4 ring of evasion (left tentacle)
Scrolls
 b - a scroll of brand weapon {unknown}
 g - a scroll of teleportation {unknown}
 h - a scroll of immolation {unknown}
 l - 2 scrolls of blinking {unknown}
Potions
 d - 2 potions of might
 e - 2 potions of lignification {unknown}
 i - a potion of heal wounds {unknown}
 j - a potion of cancellation {unknown}
 k - a potion of degeneration {unknown}
 m - a potion of attraction {unknown}


   Skills:
 - Level 1.0 Fighting
 + Level 2.7 Short Blades
 - Level 2.6 Dodging
 + Level 5.5 Stealth
 - Level 2.0 Spellcasting
 - Level 3.4 Hexes
 + Level 1.7 Invocations


You had 5 spell levels left.
You knew the following spells:

 Your Spells              Type           Power      Damage    Failure   Level
a - Corona                Hex            15%        N/A       4%          1
b - Ensorcelled Hibernat  Hex/Ice        16%        N/A       14%         2

Your spell library contained the following spells:

 Spells                   Type           Power      Damage    Failure   Level
 Confusing Touch          Hex            14%        N/A       13%         3
 Tukima's Dance           Hex            14%        N/A       13%         3
 Dazzling Flash           Conj/Hex       16%        N/A       26%         3
 Silence                  Hex/Air        4%         N/A       94%         5
 Agony                    Necr           1%         N/A       99%         5


Dungeon Overview and Level Annotations

Branches:
Dungeon (3/15)

Altars:
Sif Muna

Annotations:
D:3 1 runed translucent door


Innate Abilities, Weirdness & Mutations

You cannot wear most types of armour.
You are amphibious.
You can wear up to eight rings at the same time.
Your skin changes colour to match your surroundings (Stealth+).
Your rubbery body absorbs attacks. (AC +1, EV +1)
((You are camouflaged near water. (Stealth+)))
You have tentacles for arms and can constrict up to eight enemies at once.


Message History

Aim: an orc wizard, wielding a +0 dagger and wearing a +0 robe (poisoned, 47% to hit)
You throw a poisoned dart.
The poisoned dart closely misses the orc wizard.
Throw: 39 darts (poison)
Press: ? - help, Q - select action, (/) - cycle Shift-Dir - straight line, f/p - orc wizard
Aim: an orc wizard, wielding a +0 dagger and wearing a +0 robe (poisoned, 47% to hit)
You throw a poisoned dart.
The poisoned dart closely misses the orc wizard.
The orc wizard casts a spell at you. The magic dart hits you!
Throw: 38 darts (poison)
Press: ? - help, Q - select action, (/) - cycle Shift-Dir - straight line, f/p - orc wizard
Aim: an orc wizard, wielding a +0 dagger and wearing a +0 robe (lightly wounded, poisoned, 47% to hit)
You throw a poisoned dart. The poisoned dart hits the orc wizard.
The orc wizard looks even sicker.
The orc wizard is lightly wounded.
The orc wizard casts a spell.
The orc wizard flickers and vanishes!
Deactivating autopickup; reactivate with Ctrl-A.
Throw: 37 darts (poison)
Press: ? - help, Q - select action, (/) - cycle Shift-Dir - straight line, f - orc
Aim: an orc, wielding a +0 short sword and wearing a +0 scale mail (wandering, hasn't noticed you, 60% to hit)
You throw a poisoned dart. The poisoned dart hits the orc.
The orc is poisoned.
The orc shouts!
A magic dart appears from out of thin air!
The magic dart hits you!
You see here a +0 hand axe.
A puff of flame appears from out of thin air!
The puff of flame hits you.
Things that are here:
a +0 short sword; a +0 whip; an orc corpse You are confused.
You hear some strange, mumbled words.
You are more confused.
A magic dart appears from out of thin air!
The magic dart hits you.
* * * LOW HITPOINT WARNING * * *
A magic dart appears from out of thin air!
The magic dart hits you!
You die...

.#....#.....#.#...########.##..#.
.#....#..............#...).......
...................#.#.######..#.
##............#....#.#.# #..#.
##.....#####..#....#.#.######..#.
.................................
........÷........<...............
#####..........................##
#..##.#...#.@................
#..##.#...##...#.#####...####
#..##.#...##.................
#####.###.#...###..#o##......####
......# #.........{...'..........
.###..# #.....###.)#.##..........
## #..# #.....###...........>....
# #..#≈#...................##...
####..#F#.............o..........


You could see an orc.

Vanquished Creatures
  2 orc wizards
  6 adders (D:2)
  4 dart slugs
  3 orcs (D:3)
  4 ball pythons
  7 endoplasms
  A giant cockroach (D:1)
  4 goblins
  2 hobgoblins
  4 kobolds
  5 quokkas
  5 bats
  3 frilled lizards
  6 rats
56 creatures vanquished.

Notes
Turn   | Place    | Note
-------+----------+-------------------------------------------
     0 | D:1      | thromnambular the Octopode Enchanter began the quest for
                  | the Orb.
     0 | D:1      | Reached XP level 1. HP: 11/11 MP: 3/3
   108 | D:1      | Reached XP level 2. HP: 17/17 MP: 3/5
   302 | D:1      | Learned a level 2 spell: Ensorcelled Hibernation
   753 | D:1      | Reached XP level 3. HP: 15/21 MP: 6/6
  1374 | D:2      | Found a faded altar of an unknown god.
  1395 | D:2      | Became a worshipper of Sif Muna the Loreminder
  1395 | D:2      | Reached * piety under Sif Muna
  1432 | D:2      | Reached skill level 1 in Fighting
  1432 | D:2      | Reached XP level 4. HP: 23/28 MP: 7/7
  1725 | D:2      | Reached skill level 5 in Stealth
  1921 | D:2      | Reached skill level 1 in Invocations
  2318 | D:3      | Found a runed translucent door.
  2318 | D:3      | Noticed a bullfrog
  2549 | D:3      | Reached XP level 5. HP: 33/33 MP: 8/8
  3031 | D:3      | Killed from afar by an orc wizard

Illustrated notes

Levels and vault maps discovered:
D:1:      nzn_arrival_depleted_hourglass, layout_loops_ring
D:2:      layout_loops_ring, hellmonk_ecumenical_altar_pennies_from_heaven
D:3:      layout_basic, ebering_ghost_sewer_d

Skill      XL: |  1  2  3  4 |
---------------+-------------+-----
Fighting       | 1 |  1.0
Short Blades   | 2 |  2.7
Stealth        | 5 |  5.5
Invocations    | 1 |  1.7
Dodging        | |  2.6
Spellcasting   | |  2.0
Hexes          | |  3.4

Action                   |  1- 3 |  4- 6 || total
-------------------------+-------+-------++-------
Melee: Dagger            |    64 |    39 ||   103
       Constrict         |    11 |     7 ||    18
       Tentacles         |     8 |     2 ||    10
Throw: Dart              |    17 |    20 ||    37
 Cast: Corona            |     1 |       ||     1
       Ensorcelled Hiber |     4 |     7 ||    11
  Use: Scroll            |       |     1 ||     1
 Stab: Sleeping          |    14 |    13 ||    27
Armor: Skin              |     2 |       ||     2
Dodge: Dodged            |    38 |    21 ||    59
